Map: Jagannatha LE

Players

DLCForcesTTV

  • Race: Zerg Zerg
  • League: Diamond
  • Spawn Location: 1:00

Skynet - Winner!

  • Race: Zerg Zerg
  • League: Diamond
  • Spawn Location: 7:00

VOD

Have the link to the VOD?

Description

Time

  • Played on: Nov. 14, 2020, 1:37 a.m.
  • Length: 4:11
Show
View Real Time Build Order
Export as new Build Order

DLCForcesTTV Zerg 

Build Orders: Hatch First 

Get SALT Encoding   

  12  0:02  Drone  
  13  0:12  Overlord  
  13  0:21  Drone  
  14  0:31  Drone x2  
  16  0:50  Hatchery  
  16  0:54  Drone  
  16  0:57  Drone  
  16  1:01  Drone  
  18  1:11  Extractor  
  18  1:17  Spawning Pool  
  16  1:20  Drone  
  16  1:23  Drone  
  18  1:28  Drone  
  19  1:43  Overlord  
  19  1:50  Drone  
  20  2:06  Zergling x4  
  20  2:07  Queen  
  20  2:08  Queen  
  26  2:19  Drone  
  26  2:20  Drone  
  28  2:34  Drone x3  
  31  2:41  Overlord  
  31  2:54  Overlord x2  
  31  3:00  Roach Warren  
  31  3:05  Drone x3, Evolution Chamber  
  32  3:12  Queen x2  
  36  3:24  Evolution Chamber  
  31  3:36  Zergling x14  
  32  3:42  Roach  
Show
View Real Time Build Order
Export as new Build Order

Skynet Zerg - Winner!

Build Orders: Hatch First 

Get SALT Encoding   

  12  0:00  Drone  
  13  0:08  Drone  
  14  0:15  Extractor  
  14  0:16  Drone  
  15  0:39  Hatchery  
  14  0:54  Spawning Pool  
  13  0:57  Drone  
  13  1:00  Extractor  
  13  1:03  Drone  
  14  1:12  Overlord  
  14  1:26  Drone, Extractor  
  14  1:31  Drone  
  16  1:41  Queen  
  16  1:42  Zergling x2  
  16  1:45  Zergling x2  
  20  1:51  Zergling x2  
  20  1:53  Zergling x2  
  22  2:03  Zergling x2  
  22  2:05  Metabolic Boost  
  23  2:15  Zergling x4  
  25  2:23  Zergling x2  
  25  2:25  Zergling x2  
  27  2:34  Zergling x2  
  28  2:52  Overlord  
  28  3:07  Overlord x2  
  28  3:18  Overlord  
  28  3:26  Zergling x10  
  33  3:33  Baneling Nest  
  31  3:39  Zergling x10  
  35  3:49  Zergling x2  
Tags
 
Add a new tag
Caveats
  • Supply blocks, unpowered buildings, or Contaminate may cause inaccurate times.
  • Supply counts are checked every 10 seconds.